 Dungeon Crawl Stone Soup version 0.29.1-15-g9cfb28693d (webtiles) character file.

Game seed: 16222450863423168245

26 ThatPearl the Trooper (level 2, -1/24 HPs)
             Began as a Demonspawn Berserker on Mar 8, 2023.
             Was a Follower of Trog.
             Killed from afar by an orc wizard (8 damage)
             ... with a puff of flame
             ... on level 2 of the Dungeon.
             The game lasted 00:01:33 (1151 turns).

ThatPearl the Trooper (Demonspawn Berserker)        Turns: 1151, Time: 00:01:35

Health: -1/24      AC:  6    Str: 17    XL:     2   Next: 89%
Magic:  2/2        EV: 11    Int:  8    God:    Trog [*.....]
Gold:   67         SH:  0    Dex: 12    Spells: 1/1 levels left

rFire   . . .      SeeInvis .   a - +0 hand axe
rCold   . . .      Faith    .   (no shield)
rNeg    . . .      Spirit   .   i - +0 leather armour
rPois   .          Reflect  .   (no helmet)
rElec   .          Harm     .   (no cloak)
rCorr   .          Rampage  .   (no gloves)
Will    .....                   j - +0 pair of boots
Stlth   +.........              (no amulet)
HPRegen 0.08/turn               (no ring)
MPRegen 0.08/turn               (no ring)

@: no status effects
A: slimy green scales 1
a: Renounce Religion, Berserk


You were on level 2 of the Dungeon.
You worshipped Trog.
Trog was aware of your devotion.
You visited 1 branch of the dungeon, and saw 2 of its levels.

You collected 67 gold pieces.

Inventory:

Hand Weapons
 a - a +0 hand axe (weapon)
Missiles
 b - 2 poisoned darts
 c - 17 stones (quivered)
Armour
 d - a +0 chain mail
 i - a +0 leather armour (worn)
 j - a +0 pair of boots (worn)
Scrolls
 g - 2 scrolls of identify {unknown}
 h - 3 scrolls of fog {unknown}
Potions
 e - a potion of berserk rage {unknown}
 f - a potion of heal wounds {unknown}


   Skills:
 + Level 3.6 Fighting
 + Level 3.2 Axes
 - Level 1.7 Armour
 - Level 1.7 Dodging


You had one spell level left.
You didn't know any spells.
Your spell library was empty.

Dungeon Overview and Level Annotations

Branches:
Dungeon (2/15)

Altars:


Innate Abilities, Weirdness & Mutations

You are partially covered in slimy green scales. (AC +2)


Message History

The puff of flame hits you.
Something hits the fungus!
You barely miss the orc wizard.
The frilled lizard hisses angrily.
You hit the goblin but do no damage. The goblin hits you but does no damage.
The orc wizard hits you with a +0 dagger.
Something hits the fungus.
You closely miss the orc wizard. You closely miss the goblin.
The goblin hits you with a +0 club.
The orc wizard hits you but does no damage.
Something hits the plant.
The plant begins to die.
You hear a shout!
You hit the orc wizard.
The orc wizard is moderately wounded.
You hit the goblin.
You kill the goblin!
Trog accepts your kill.
You closely miss the goblin.
You hear a shout!
Something hits the plant.
The goblin hits you with a +0 dagger.
Something hits the plant.
The orc wizard hits you but does no damage.
You hit the orc wizard.
The orc wizard is heavily wounded.
You hit the frilled lizard.
You kill the frilled lizard!
Trog accepts your kill.
You barely miss the goblin.
A nearby fungus withers and dies.
The goblin hits you but does no damage. The orc wizard completely misses you.
The orc wizard hits you with a +0 dagger.
* * * LOW HITPOINT WARNING * * *
The goblin barely misses you.
You hit the orc wizard.
The orc wizard is almost dead.
You hit the goblin.
You kill the goblin!
Trog accepts your kill.
An orc comes into view. It is wielding a +0 mace.
The orc wizard gestures at you while chanting.
The puff of flame hits you!
You die...

. .g #. #
...#########.#
#.......o...#8#
#..)@).....o ##
#.........8P
....###.#######.##
..........#
###.#.###.#####..#
... #........# ###
###.###.########
#.# #.....#
######.# ###.###
#......#


You could see an orc wizard and an orc (wandering).

Vanquished Creatures
  A dart slug (D:2)
  3 ball pythons (D:1)
  2 endoplasms (D:1)
  4 goblins
  A hobgoblin (D:1)
  2 jackals (D:1)
  A quokka (D:1)
  2 bats (D:1)
  2 frilled lizards (D:2)
  5 kobolds (D:1)
  A rat (D:1)
24 creatures vanquished.

Vanquished Creatures (others)
  4 fungi (D:2)
4 creatures vanquished.

Grand Total: 28 creatures vanquished

Notes
Turn   | Place    | Note
-------+----------+-------------------------------------------
     0 | D:1      | ThatPearl the Demonspawn Berserker began the quest for the
                  | Orb.
     0 | D:1      | Reached XP level 1. HP: 18/18 MP: 1/1
   354 | D:1      | Gained mutation: You are partially covered in slimy green
                  | scales. (AC +2) [demonic ancestry]
   354 | D:1      | Reached XP level 2. HP: 15/24 MP: 2/2
  1151 | D:2      | Killed from afar by an orc wizard

Illustrated notes

Levels and vault maps discovered:
D:1:      grunt_arrival_crossed_arrows, layout_loops_cross, minivault_27,
          serial_park_tiny_pond, solitary_fountain, kennysheep_another_room
D:2:      layout_loops_ring, shapermc_ecumenical_altar_petra, serial_shops,
          nicolae_shop_hallway_stairs

Skill      XL: |  1 |
---------------+----+-----
Axes           | 3 |  3.2
Fighting       | |  3.6
Armour         | |  1.7
Dodging        | |  1.7

Action                   || total
-------------------------++-------
Melee: Hand axe          ||    60
 Stab: Sleeping          ||     1
Armor: Animal skin       ||    11
       Leather armour    ||    10
Dodge: Dodged            ||    51
